 Seeded DCSS version 0.30-a0-1074-g5db6f66fbb (webtiles) character file.

Game seed: 9984866775504283061 (custom seed)

1600 Pimp the Grave Robber (level 8, -2/56 HPs)
             Began as a Demonspawn Necromancer on Apr 13, 2023.
             Killed by divine providence
             ... invoked by an orc priest
              (12 damage)
             ... on level 5 of the Dungeon.
             The game lasted 00:21:05 (6692 turns).

Pimp the Grave Robber (Demonspawn Necromancer)      Turns: 6692, Time: 00:21:05

Health: -2/56      AC:  6    Str: 11    XL:     8   Next: 62%
Magic:  10/14      EV: 14    Int: 19    God:
Gold:   1426       SH:  0    Dex: 16    Spells: 5/16 levels left

rFire   . . .      SeeInvis .    q - +0 war axe (flame)
rCold   . . .      Faith    .    (no shield)
rNeg    . . .      Spirit   .    a - +0 robe
rPois   +          Reflect  .    (no helmet)
rElec   .          Rampage  .    d - +0 cloak
rCorr   .                        (no gloves)
Will    .....                    (no boots)
Stlth   ++++                     (no amulet)
HPRegen 0.29/turn                t - ring of Resumed Hostilities {rPois Str+3 Dex+2 Slay+4 Stlth+}
MPRegen 0.14/turn                (no ring)

@: animating dead, hasted, very quick
A: claws 2, icy blue scales 2, ignite blood 2
a: no special abilities


You were on level 5 of the Dungeon.
You visited 2 branches of the dungeon, and saw 6 of its levels.

You collected 1426 gold pieces.

Inventory:

Hand Weapons
 e - a +0 dagger
 p - a +3 hand axe of freezing
 q - a +0 war axe of flaming (weapon)
Missiles
 j - a throwing net
Armour
 a - a +0 robe (worn)
 d - a +0 cloak (worn)
Jewellery
 c - a ring of ice
 g - a +6 ring of strength
 k - a +6 ring of dexterity
 t - the ring of Resumed Hostilities (left claw) {rPois Str+3 Dex+2 Slay+4 Stlth+}
   (You acquired it on level 2 of the Dungeon)

   [ring of slaying]

   Str:       It affects your strength (+3).
   Dex:       It affects your dexterity (+2).
   Slay:      It affects your accuracy & damage with ranged weapons and melee
   (+4).
   rPois:     It protects you from poison.
   Stlth:     It makes you more stealthy.
Scrolls
 h - a scroll of amnesia
 i - 2 scrolls of fear
 n - 2 scrolls of poison
 r - a scroll of magic mapping
 v - 2 scrolls of teleportation
Potions
 b - a potion of magic
 f - 2 potions of cancellation
 l - a potion of haste
 m - 2 potions of brilliance
 o - 2 potions of lignification
 s - a potion of degeneration {unknown}
 u - a potion of curing


   Skills:
 + Level 2.1 Fighting
 + Level 3.3 Axes
 + Level 3.5 Armour
 + Level 4.4 Dodging
 - Level 4.0 Stealth
 + Level 4.5 Spellcasting
 + Level 6.5 Necromancy
 + Level 1.8 Air Magic


You had 5 spell levels left.
You knew the following spells:

 Your Spells              Type           Power      Damage    Failure   Level
a - Necrotise             Necr           100%       1d9       1%          1
b - Animate Dead          Necr           29%        N/A       9%          4
c - Vampiric Draining     Necr           29%        2d8       2%          3
d - Vhi's Electric Charg  Tloc/Air       14%        N/A       26%         3

Your spell library contained the following spells:

 Spells                   Type           Power      Damage    Failure   Level
 Agony                    Necr           29%        N/A       24%         5
 Arcjolt                  Conj/Air       3%         1d13      94%         5
 Iskenderun's Battlesphe  Conj           4%         2d6       98%         5
 Iron Shot                Conj/Erth      2%         9d2       100%        6
 Spellforged Servitor     Conj/Summ      2%         N/A       100%        7
 Maxwell's Capacitive Co  Air            5%         ∞         100%        8


Dungeon Overview and Level Annotations

Branches:
Dungeon (5/15)             Temple (1/1) D:4

Altars:
Ashenzari
Cheibriados
Dithmenos
Fedhas
Gozag
Makhleb
Nemelex Xobeh
Okawaru
Qazlal
Ru
Sif Muna
Vehumet
Xom
Yredelemnul

Annotations:
D:5 Pimp's ghost, novice FoFi


Innate Abilities, Weirdness & Mutations

You have very sharp fingernails.
You are mostly covered in icy blue scales. (AC +3)
Your demonic aura often causes spilled blood to erupt in flames.


Message History

You closely miss the orc warrior. You barely miss the orc.
The orc barely misses you. The orc warrior misses you.
The orc closely misses you.
Unknown command.
You closely miss the orc. You hit the orc warrior. You burn the orc warrior.
You hit the orc. You burn the orc.
You kill the orc!
The dead are walking!
The orc priest hits your orc zombie with a +0 hand axe.
The orc warrior hits you with a +0 great mace.
The orc misses you.
Your orc zombie hits the orc.
You hit the orc. You burn the orc.
You kill the orc!
You closely miss the orc. You hit the orc warrior. You burn the orc warrior.
The dead are walking!
The orc barely misses you. The orc warrior barely misses you.
The orc priest hits your orc zombie with a +0 hand axe.
Your orc zombie is destroyed!
Your orc zombie closely misses the orc.
Your orc zombie hits the orc priest but does no damage.
You barely miss the orc priest. You slash the orc warrior!
You burn the orc warrior. You hit the orc but do no damage.
The orc warrior hits you with a +0 great mace!!
Ouch! That really hurt!
The orc is engulfed in blazing flames.
You kill the orc!
The dead are walking!
The orc priest mumbles some strange prayers to Beogh against you.
Beogh smites you!
* * * LOW HITPOINT WARNING * * *
You barely miss the orc priest. You slash the orc warrior!
You burn the orc warrior.
You kill the orc warrior!
The dead are walking!
Your orc zombie hits the orc priest but does no damage.
The orc hits your orc zombie with a +0 hand axe!
The orc hits your orc zombie with a +0 hand axe.
The orc priest mumbles some strange prayers to Beogh against you.
Beogh smites you!
You die...

####### ###
#.....#8...)[_[....8# ##
#.#####.............### .##
#.# #.#8#..8..#8#.#.#
#.###.#####.###.o...###.#.#
##........#....#####....#.###
#..#.....##....o.ZZo....#...#
.#.#..##.#######)oZ######.#.#
.#.#..##.#8....Z@Z......8.#.#
..........................#.#
##.#.#.#.###...##.#####.....#
##.#.....##<......# ###.###
....##.###.......## ##.#.#
##...#.##.........####....#
........+.........+.......#
##......#.........####...##
###..............## ##..#


You could see 2 orc priests, an orc, 4 friendly orc zombies and a friendly orc
warrior zombie.

Vanquished Creatures
  Grinder (D:5)
  The ghost of superbruh the Shooter, an amateur GnWn (D:3)
  A human (D:5)
  An orc warrior (D:5)
  An ogre (D:5)
  A centaur (D:5)
  A kobold brigand (D:3)
  4 howler monkeys (D:3)
  2 jellies (D:5)
  4 hounds
  A gnoll bouda (D:3)
  An iguana (D:5)
  A howler monkey zombie (D:3)
  9 adders
  16 gnolls
  A shadow imp (D:5)
  5 ufetubi
  2 dart slugs
  18 orcs
  4 endoplasms
  3 giant cockroaches
  5 goblins
  4 hobgoblins
  14 jackals
  2 quokkas (D:2)
  7 ball pythons
  6 bats
  An endoplasm zombie (D:4)
  6 frilled lizards
  2 gnoll zombies (D:3)
  A goblin zombie (D:5)
  6 kobolds
  A kobold zombie (D:5)
  An orc zombie (D:3)
  6 rats
140 creatures vanquished.

Vanquished Creatures (collateral kills)
  A howler monkey (D:3)
  A gnoll (D:3)
  An orc (D:3)
  An endoplasm (D:1)
  A giant cockroach (D:1)
  A goblin (D:4)
  A jackal (D:1)
  A quokka (D:4)
  A frilled lizard (D:1)
  A kobold (D:4)
  2 rats
12 creatures vanquished.

Vanquished Creatures (others)
  4 gnoll zombies
  2 orc zombies
  A fungus (D:3)
  6 plants
13 creatures vanquished.

Grand Total: 165 creatures vanquished

Notes
Turn   | Place    | Note
-------+----------+-------------------------------------------
     0 | D:1      | Pimp the Demonspawn Necromancer began the quest for the
                  | Orb.
     0 | D:1      | Reached XP level 1. HP: 13/13 MP: 3/3
   228 | D:1      | Gained mutation: Your demonic aura sometimes causes spilled
                  | blood to erupt in flames. [demonic ancestry]
   228 | D:1      | Reached XP level 2. HP: 19/19 MP: 0/5
  1040 | D:2      | Gained mutation: Your demonic aura often causes spilled
                  | blood to erupt in flames. [demonic ancestry]
  1040 | D:2      | Reached XP level 3. HP: 14/24 MP: 2/6
  1715 | D:2      | Identified 2 scrolls of acquirement
  1715 | D:2      | Acquired the ring of Resumed Hostilities {rPois Str+3 Dex+2
                  | Slay+4 Stlth+}
  1721 | D:2      | Acquired 1131 gold pieces
  1897 | D:3      | Gained mutation: You are partially covered in icy blue
                  | scales. (AC +2) [demonic ancestry]
  1897 | D:3      | Reached XP level 4. HP: 28/30 MP: 7/7
  1925 | D:3      | Found a runed translucent door.
  1933 | D:3      | Noticed superbruh's ghost (amateur GnWn)
  1955 | D:3      | HP: 1/30 [superbruh's ghost (5)]
  1956 | D:3      | Killed superbruh's ghost
  1957 | D:3      | Reached skill level 1 in Axes
  1957 | D:3      | Reached skill level 1 in Armour
  1957 | D:3      | Reached skill level 5 in Necromancy
  1957 | D:3      | Reached XP level 5. HP: 2/35 MP: 9/9
  1957 | D:3      | Gained mutation: You are mostly covered in icy blue scales.
                  | (AC +3) [demonic ancestry]
  1957 | D:3      | Reached XP level 6. HP: 2/41 MP: 10/10
  2610 | D:3      | Learned a level 4 spell: Animate Dead
  2676 | D:3      | Gained mutation: You have sharp fingernails. [demonic
                  | ancestry]
  2676 | D:3      | Reached XP level 7. HP: 33/46 MP: 7/12
  3420 | D:3      | Reached skill level 6 in Necromancy
  4199 | D:4      | Found a staircase to the Ecumenical Temple.
  4674 | Temple   | Entered the Ecumenical Temple
  4989 | D:4      | Learned a level 3 spell: Vampiric Draining
  4993 | D:4      | Learned a level 3 spell: Vhi's Electric Charge
  5115 | D:5      | Entered Level 5 of the Dungeon
  5115 | D:5      | Noticed Pimp's ghost (novice FoFi)
  5115 | D:5      | Found a runed translucent gate.
  5115 | D:5      | Found a runed translucent gate.
  5115 | D:5      | Found a runed translucent gate.
  5142 | D:5      | Identified the +2 dagger "Hukuv" {freeze, rPois Int+3
                  | Dex+2}
  5142 | D:5      | Identified the +0 ring mail of the Griffon {Rampage rC+
                  | Will+}
  5142 | D:5      | Identified the +0 chain mail "Cownamecu" {Harm Rampage rC+}
  5150 | D:5      | Noticed Grinder
  5165 | D:5      | Paralysed by Grinder for 4 turns
  5168 | D:5      | HP: 2/46 [Grinder (6)]
  5176 | D:5      | Killed Grinder
  5177 | D:5      | Reached skill level 1 in Fighting
  5177 | D:5      | Gained mutation: You have very sharp fingernails. [demonic
                  | ancestry]
  5177 | D:5      | Reached XP level 8. HP: 9/54 MP: 14/14
  5523 | D:5      | Reached skill level 1 in Air Magic
  5605 | D:5      | Found a runed translucent door.
  5610 | D:5      | Found a basalt altar of Yredelemnul.
  5975 | D:5      | Found a broken altar of Ashenzari.
  6200 | D:5      | Found a shimmering altar of Xom.
  6359 | D:5      | Found a sparkling altar of Nemelex Xobeh.
  6360 | D:5      | Found a sacrificial altar of Ru.
  6692 | D:5      | Killed from afar by an orc priest

Illustrated notes

Levels and vault maps discovered:
D:1:      minmay_arrival_plants_in_alcoves, layout_basic,
          minmay_misc_feat_plants, chequers_serial_rivers_marsh
D:2:      layout_basic, minmay_misc_feat_columns
D:3:      lemuel_castle_with_subvaults [lemuel_castle_interior_carwin_2],
          layout_rooms, ebering_ghost_sewer_d
D:4:      layout_loops_corners, minmay_temple_entry_gardened_gates,
          roderic_lattice_a
D:5:      layout_loops_corners, evilmike_ruin_ashenzari, dk_yredelemnul_ordeal,
          lemuel_crystal_altar, gammafunk_temple_overflow_pools, serial_demonic,
          serial_demonic_a, serial_demonic_e, serial_demonic_e,
          serial_demonic_c, biasface_ghost_orc_armoury, uniq_grinder
Temple:   minmay_temple_curvy_loop

Skill      XL: |  1  2  3  4  5  6  7  8 |
---------------+-------------------------+-----
Stealth        | 2 3 4 |  4.0
Dodging        | 2 3 4 |  4.4
Axes           | 1 2 3 |  3.3
Armour         | 1 2 3 |  3.5
Spellcasting   | 3 4 |  4.5
Necromancy     | 5 6 |  6.5
Fighting       | 1 2 |  2.1
Air Magic      | 1 |  1.8

Action                     |  1- 3 |  4- 6 |  7- 9 || total
---------------------------+-------+-------+-------++-------
  Melee: Unarmed           |    14 |       |       ||    14
         Dagger            |    59 |       |       ||    59
         Punch             |     1 |     1 |     3 ||     5
         Hand axe          |     4 |    80 |   118 ||   202
         War axe           |       |       |    40 ||    40
   Cast: Necrotise         |    45 |    10 |    11 ||    66
         Animate Dead      |       |     1 |     5 ||     6
         Vampiric Draining |       |       |     2 ||     2
    Use: Scroll            |     5 |    12 |     6 ||    23
         Potion            |       |     1 |     8 ||     9
   Stab: Sleeping          |     2 |     2 |     7 ||    11
         Distracted        |       |     2 |       ||     2
 Armour: Robe              |    31 |    40 |    49 ||   120
         Skin              |       |       |     5 ||     5
  Dodge: Dodged            |    80 |    75 |   148 ||   303

Table legend: (Time is in decaauts)
 A = Elapsed time spent in this place.
 B = Non-inter-level travel time spent in this place.
 C = Inter-level travel time spent in this place.
 D = Time resting spent in this place.
 E = Time spent auto-exploring this place.
 F = Levels seen in this place.
 G = Mean time per level.
                   A        B        C        D        E       F      G
               +--------+--------+--------+--------+--------+-----+--------+
         Total |   6825 |   6433 |    392 |   1819 |   3069 |   6 | 1137.5 |
       Dungeon |   6516 |   6233 |    283 |   1819 |   2882 |   5 | 1303.2 |
        Temple |    308 |    199 |    109 |      0 |    187 |   1 |  308.0 |
               +--------+--------+--------+--------+--------+-----+--------+

Top non-repeatable levels by time:
     D:3: 1653 daAuts
     D:5: 1601 daAuts
     D:4: 1366 daAuts
     D:1: 977 daAuts
     D:2: 917 daAuts
  Temple: 308 daAuts
